 Dungeon Crawl Stone Soup version 0.26-a0-651-gb41185065b (console) character file.

Game seed: 14638906203756567584

10443 om the Thaumaturge (level 11, -3/66 HPs)
             Began as a Gargoyle Ice Elementalist on Sept 29, 2020.
             Was an Initiate of Gozag.
             Slain by Snorg (16 damage)
             ... on level 10 of the Dungeon.
             The game lasted 00:33:44 (14309 turns).

om the Thaumaturge (Gargoyle Ice Elementalist)     Turns: 14309, Time: 00:33:44

Health: -3/66      AC: 24    Str: 12    XL:     11   Next: 62%
Magic:  23/23      EV: 12    Int: 21    God:    Gozag
Gold:   858        SH:  0    Dex: 17    Spells: 18/26 levels left

rFire    + + .     SeeInvis .   m - staff of cold
rCold    + . .     Faith    .   (no shield)
rNeg     + . .     Spirit   .   r - +3 ring mail {rF+}
rPois    ∞         Reflect  .   h - +2 helmet {Int+3}
rElec    +         Harm     .   A - +0 cloak
rCorr    .         Rampage  .   z - +0 pair of gloves
MR       .....                  i - +0 pair of boots (curse)
Stlth    ++........             (no amulet)
HPRegen  0.21/turn              C - ring of protection from fire
MPRegen  0.18/turn              H - +6 ring of dexterity

@: no status effects
A: negative energy resistance 1, electricity resistance, unbreathing,
petrification resistance, rot immunity, AC +8
a: Potion Petition, Call Merchant, Bribe Branch, Renounce Religion


You were on level 10 of the Dungeon.
You worshipped Gozag.
Gozag was pleased with you.
You visited 2 branches of the dungeon, and saw 11 of its levels.

You collected 1646 gold pieces.
You spent 601 gold pieces at shops.
You paid 187 gold pieces to Gozag.

Inventory:

Hand Weapons
 a - a +0 whip
 t - a +4 dagger of chaos
 w - a +0 shortbow
 B - a +0 mace
 O - a +2 flail of protection
 P - a +3 quarterstaff of chaos
Missiles
 x - 137 arrows
 I - 317 stones (quivered)
Armour
 h - a +2 helmet of intelligence (worn)
 i - a cursed +0 pair of boots (worn)
 r - a +3 ring mail of fire resistance (worn)
 z - a +0 pair of gloves (worn)
 A - a +0 cloak (worn)
 G - a +0 kite shield
Magical Staves
 m - an uncursed staff of cold (weapon)
Jewellery
 C - a ring of protection from fire (left hand)
 H - a +6 ring of dexterity (right hand)
 M - an uncursed ring of fire
Wands
 c - a wand of paralysis (6)
 q - a wand of acid (8)
 v - a wand of digging (11)
 y - a wand of iceblast (17)
 D - a wand of random effects (8)
 L - a wand of disintegration (21)
 N - a wand of flame (36)
Scrolls
 b - 3 scrolls of blinking
 d - 10 scrolls of remove curse
 e - a scroll of immolation {unknown}
 f - 6 scrolls of teleportation
 n - 2 scrolls of enchant weapon {unknown}
 p - 2 scrolls of amnesia {unknown}
 u - 2 scrolls of magic mapping
 E - 3 scrolls of fog
 F - a scroll of vulnerability {unknown}
 J - 2 scrolls of fear {unknown}
Potions
 g - a potion of haste {unknown}
 j - 5 potions of heal wounds
 k - 4 potions of stabbing {unknown}
 l - a potion of ambrosia {unknown}
 o - 7 potions of curing
 s - 2 potions of lignification {unknown}
 K - a potion of brilliance {unknown}
 Q - a potion of resistance {unknown}


   Skills:
 + Level 6.4 Fighting
 - Level 7.0 Maces & Flails
 * Level 1.1(4.4) Staves
 - Level 5.0 Bows
 + Level 6.4 Armour
 * Level 3.1 Dodging
 - Level 3.0 Stealth
 - Level 5.0 Shields
 - Level 8.0 Spellcasting
 * Level 1.1 Summonings
 - Level 7.0 Ice Magic
 - Level 7.0 Earth Magic


You had 18 spell levels left.
You knew the following spells:

 Your Spells              Type           Power        Failure   Level
a - Freeze                Ice            ####         1%          1
b - Frozen Ramparts       Ice            ######       2%          3
c - Sandblast             Erth           #####.       1%          1
d - Ensorcelled Hibernat  Hex/Ice        ####..       6%          2
e - Summon Small Mammal   Summ           ##..         11%         1

Your spell library contained the following spells:

 Spells                   Type           Power        Failure   Level
 Ozocubu's Armour         Ice            ######..     2%          3
 Passwall                 Tmut/Erth      ###.....     6%          2
 Stone Arrow              Conj/Erth      ###...       12%         3
 Corona                   Hex            #......      16%         1
 Call Imp                 Summ           ##......     16%         2
 Lee's Rapid Deconstruct  Erth           #####.....   26%         5
 Call Canine Familiar     Summ           ##......     30%         3
 Summon Ice Beast         Ice/Summ       #####...     30%         4
 Summon Guardian Golem    Hex/Summ       ##......     36%         3
 Hailstorm                Conj/Ice       ####....     36%         4
 Petrify                  Tmut/Erth      ###.....     36%         4
 Confusing Touch          Hex            #.......     43%         3
 Dazzling Flash           Conj/Hex       #.....       43%         3
 Tukima's Dance           Hex            #.......     43%         3
 Summon Lightning Spire   Summ/Air       ##......     78%         4


Dungeon Overview and Level Annotations

Branches:
Dungeon (10/15)            Temple (1/1) D:7
   Lair: D:8-11         Orc: D:9-12

Altars:
Ashenzari
Cheibriados
Dithmenos
Elyvilon
Fedhas
Gozag
Hepliaklqana
Kikubaaqudgha
Makhleb
Nemelex Xobeh
Okawaru
Qazlal
Ru
Sif Muna
Trog
Uskayaw
Vehumet
Wu Jian
Xom
Yredelemnul
Zin
The Shining One

Shops:
D:5 ![:   D:6 [   D:8 }

Annotations:
D:10 Snorg


Innate Abilities, Weirdness & Mutations

You are resistant to torment.
Your stone body is resilient. (AC +8)
You are immune to poison.
You resist negative energy. (rN+)
You are resistant to electric shocks. (rElec)
You can survive without breathing.
You are immune to petrification.
You are immune to rotting.


Message History

Aiming: Corrosive Bolt
Press: ? - help, Shift-Dir - straight line, f - Snorg
Aim: Snorg (lightly wounded, berserk)
Okay, then.
Evoke which item? (* to show all) (? for menu, Esc to quit)
Okay, then.
Snorg rages.
Snorg bites you. Snorg claws you but does no damage. x2
The bullfrog gives a loud, deep croak!
Snorg bites you but does no damage. Snorg barely misses you. Snorg claws you.
The bullfrog is no longer moving slowly.
The frozen ramparts melt away.
Snorg bites you but does no damage. Snorg claws you but does no damage. x2
Snorg bites you. Snorg barely misses you. Snorg closely misses you.
Snorg bites you. Snorg barely misses you. Snorg claws you!
Snorg closely misses you. Snorg completely misses you.
Snorg claws you but does no damage. Snorg bites you!!
* * * LOW HITPOINT WARNING * * *
Snorg claws you!
You die...
Your body crumbles into a pile of gold.

#..... ##.... . ####
##... .# #..## ##..##
#. ##...## ###.(## #.
##.....# ##.()####
#.##......# ###........
#..#......#
####^.........
###........#
####...#########.
##..........####....###
#.
##..#....>....FT@.####
#. #.T##.......###..##
## .F###.......# #...#
# .## ##......# ##..# #
.# ##.....# #..# # .#
###....###..### ..
##...##.....### ..
#....#.......## ...
##...#........# ...
#...##.......# ....
#...#.......#


You could see Snorg (berserk) and a bullfrog.

Vanquished Creatures
  2 two-headed ogres
  A queen ant (D:9)
  Psyche (D:10)
  Joseph (D:10)
  A kobold demonologist (D:9)
  2 hippogriffs
  Sigmund (D:6)
  Eustachio (D:6)
  A wyvern (D:9)
  8 soldier ants (D:9)
  Duvessa (D:7)
  3 sky beasts
  2 ice beasts
  4 orc warriors
  2 phantoms
  A necrophage (D:7)
  An eye of draining (D:8)
  4 ogres
  2 centaurs
  7 bullfrogs
  14 big kobolds
  Dowan (D:7)
  7 scorpions
  5 killer bees (D:7)
  2 howler monkeys
  An electric eel (D:7)
  A bullfrog zombie (D:5)
  2 centaur zombies
  7 orc priests
  2 hounds
  Crazy Yiuf (D:6)
  3 bullfrog skeletons
  A centaur skeleton (D:4)
  3 jellies (D:8)
  4 iguanas
  8 orc wizards
  31 worker ants
  Terence (D:3)
  A hound zombie (D:7)
  4 hound skeletons
  A howler monkey zombie (D:7)
  2 worker ant zombies (D:6)
  4 gnolls (D:4)
  14 adders
  2 shadow imps
  2 oozes (D:1)
  An adder skeleton (D:7)
  A worm (D:2)
  3 dart slugs
  5 leopard geckos
  28 orcs
  8 bats
  6 giant cockroaches
  9 goblins
  9 hobgoblins
  9 jackals
  6 quokkas
  A ball python (D:4)
  7 frilled lizards
  A jackal skeleton (D:4)
  24 kobolds
  A quokka skeleton (D:5)
  6 rats
295 creatures vanquished.

Vanquished Creatures (others)
  12 plants (D:4)
12 creatures vanquished.

Grand Total: 307 creatures vanquished

Notes
Turn   | Place    | Note
-------+----------+-------------------------------------------
     0 | D:1      | om the Gargoyle Ice Elementalist began the quest for the
                  | Orb.
     0 | D:1      | Reached XP level 1. HP: 10/10 MP: 3/3
   296 | D:1      | Reached XP level 2. HP: 8/16 MP: 0/5
  1478 | D:1      | Reached XP level 3. HP: 11/20 MP: 4/6
  1480 | D:1      | Reached skill level 1 in Fighting
  1806 | D:1      | Learned a level 3 spell: Frozen Ramparts
  3011 | D:2      | Found a sparkling altar of Nemelex Xobeh.
  3271 | D:3      | Reached XP level 4. HP: 25/25 MP: 7/7
  3641 | D:3      | Noticed Terence
  3650 | D:3      | Killed Terence
  3650 | D:3      | Reached skill level 1 in Maces & Flails
  3650 | D:3      | Reached XP level 5. HP: 30/30 MP: 4/8
  4370 | D:4      | Reached skill level 1 in Armour
  4485 | D:4      | Reached skill level 3 in Spellcasting
  4485 | D:4      | Reached skill level 5 in Ice Magic
  4740 | D:4      | Noticed a phantom
  4939 | D:4      | Noticed a big kobold
  4956 | D:4      | Killed a big kobold
  4956 | D:4      | Reached XP level 6. HP: 35/35 MP: 0/11
  5534 | D:4      | Reached XP level 7. HP: 40/40 MP: 7/12
  5874 | D:5      | Entered Level 5 of the Dungeon
  5874 | D:5      | Found Ypnuh's Jewellery Boutique.
  5906 | D:4      | Reached skill level 4 in Spellcasting
  6021 | D:5      | Found Pamusetu's Antique Armour Shop.
  6444 | D:5      | Found Duteevas's Book Shoppe.
  6687 | D:5      | Found Genen's Distillery.
  6693 | D:5      | Bought a potion of curing for 36 gold pieces
  6744 | D:5      | Reached skill level 5 in Spellcasting
  6807 | D:5      | Reached skill level 5 in Armour
  6807 | D:5      | Reached XP level 8. HP: 44/44 MP: 11/15
  7011 | D:6      | Noticed Sigmund
  7044 | D:6      | Killed Sigmund
  7206 | D:6      | Reached skill level 5 in Maces & Flails
  7321 | D:6      | Found a bloodstained altar of Trog.
  7382 | D:6      | Found Vyr Hien's Armour Shop.
  7448 | D:6      | Noticed Eustachio
  7470 | D:6      | Killed Eustachio
  7470 | D:6      | Reached XP level 9. HP: 50/50 MP: 7/16
  7627 | D:6      | You fall into a shaft and drop 2 floors!
  7643 | D:7      | Reached skill level 1 in Bows
  7870 | D:6      | Found a runed translucent door.
  7871 | D:6      | Noticed Crazy Yiuf
  7920 | D:6      | Got a twisted rapier
  8218 | D:7      | Reached skill level 5 in Bows
  8384 | D:7      | Noticed Duvessa
  8385 | D:7      | Noticed Dowan
  8397 | D:7      | Killed Duvessa
  8397 | D:7      | Killed Dowan
  8595 | D:7      | Found a staircase to the Ecumenical Temple.
  8604 | Temple   | Entered the Ecumenical Temple
  8800 | Temple   | Became a worshipper of Gozag Ym Sagoz the Greedy
  9832 | D:8      | Found Giahaob's Gadget Shop.
 10067 | D:8      | Reached XP level 10. HP: 56/56 MP: 12/18
 10173 | D:8      | Found a sacrificial altar of Ru.
 10235 | D:8      | Reached skill level 1 in Shields
 10509 | D:5      | Bought a book of Geomancy for 350 gold pieces
 10531 | D:6      | Learned a level 1 spell: Sandblast
 10775 | D:8      | Found a shimmering altar of Xom.
 11003 | D:8      | Reached skill level 1 in Earth Magic
 11041 | D:8      | Reached skill level 6 in Spellcasting
 11492 | D:9      | Noticed a two-headed ogre
 11941 | D:9      | Reached skill level 5 in Earth Magic
 12336 | D:8      | Killed a two-headed ogre
 12591 | D:9      | Noticed a two-headed ogre
 12605 | D:9      | Killed a two-headed ogre
 12605 | D:9      | Reached skill level 5 in Shields
 12605 | D:9      | Reached XP level 11. HP: 41/62 MP: 11/20
 12913 | D:9      | Reached skill level 5 in Fighting
 12929 | D:9      | Noticed a queen ant
 12946 | D:9      | Killed a queen ant
 12946 | D:9      | Reached skill level 7 in Spellcasting
 13331 | D:9      | Reached skill level 8 in Spellcasting
 13552 | D:6      | Killed Crazy Yiuf
 13690 | D:6      | Bought a +2 helmet of intelligence for 215 gold pieces
 13703 | D:6      | Learned a level 2 spell: Ensorcelled Hibernation
 13706 | D:6      | Learned a level 1 spell: Summon Small Mammal
 13770 | D:10     | Entered Level 10 of the Dungeon
 13942 | D:10     | Noticed Psyche
 13954 | D:10     | Killed Psyche
 14073 | D:10     | Noticed Joseph
 14094 | D:10     | Killed Joseph
 14094 | D:10     | Reached skill level 1 in Staves
 14094 | D:10     | Reached skill level 1 in Summonings
 14234 | D:10     | Noticed Snorg
 14309 | D:10     | Slain by Snorg

Illustrated notes

Levels and vault maps discovered:
D:1:      dpeg_arrival_stone_temple_mockup, layout_rooms
D:2:      layout_loops_cross, nemelex_spade_bored_becter
D:3:      layout_basic, uniq_terence
D:4:      layout_basic, hangedman_abyss_or_decor_stabs, lexackson_kobold_supper
D:5:      cheibrodos_helix_gallery, layout_rooms, serial_shops,
          nicolae_shop_stone, shop, shop, nicolae_shop_waterfront
D:6:      layout_cave_pools, serial_shops, shop, minmay_stone_trees_medium,
          bloody_trog, uniq_eustachio, uniq_sigmund, uniq_crazy_yiuf_cottage
D:7:      layout_basic, minmay_temple_entry_antechambers,
          chequers_serial_rivers_small_a, kennysheep_decorative_pillar,
          grunt_decor_cap, uniq_duvessa
D:8:      cheibrodos_barr_body, layout_loops_corners,
          nicolae_ru_great_annihilating_truth, serial_shops, shop_coins,
          chequers_decorated_corner, lemuel_tele_altar
D:9:      minmay_bloctagon, layout_cave_pools, special_room
          [special_room_kobold], zaba_antful_of_joy
D:10:     layout_cave_pods, uniq_joseph, uniq_psyche, uniq_snorg
Temple:   kilobyte_greek_temple

Skill      XL: |  1  2  3  4  5  6  7  8  9 10 11 |
---------------+----------------------------------+-----
Fighting       | 1 2 3 4 6 |  6.4
Dodging        | 2 3 |  3.1
Stealth        | 3 |  3.0
Maces & Flails | 1 2 3 6 7 |  7.0
Armour         | 2 3 5 6 |  6.4
Spellcasting   | 3 5 6 8 |  8.0
Ice Magic      | 5 6 7 |  7.0
Bows           | 5 |  5.0
Shields        | 5 |  5.0
Earth Magic    | 7 |  7.0
Staves         | 1 |  1.1
Summonings     | 1 |  1.1

Action                   |  1- 3 |  4- 6 |  7- 9 | 10-12 || total
-------------------------+-------+-------+-------+-------++-------
Melee: Unarmed           |    36 |       |       |       ||    36
       Whip              |    68 |   154 |    93 |       ||   315
       Mace              |       |       |   254 |   224 ||   478
       Flail             |       |       |       |    16 ||    16
       Staff             |       |       |       |     2 ||     2
 Cast: Freeze            |    25 |    17 |    27 |    22 ||    91
       Frozen Ramparts   |     6 |    12 |    38 |    52 ||   108
       Sandblast         |       |       |       |    11 ||    11
       Summon Small Mamm |       |       |       |     3 ||     3
Evoke: Wand              |       |       |     1 |       ||     1
  Use: Scroll            |       |       |     7 |     1 ||     8
       Potion            |       |       |     1 |       ||     1
 Stab: Sleeping          |     2 |     3 |     1 |       ||     6
       Distracted        |     1 |       |       |     2 ||     3
       Paralysed         |       |       |       |     2 ||     2
Armor: Robe              |    30 |       |       |       ||    30
       Leather armour    |    23 |    11 |       |       ||    34
       Ring mail         |       |    82 |   247 |   214 ||   543
Dodge: Dodged            |    83 |   121 |   236 |   216 ||   656

Table legend: (Time is in decaauts)
 A = Elapsed time spent in this place.
 B = Non-inter-level travel time spent in this place.
 C = Inter-level travel time spent in this place.
 D = Time resting spent in this place.
 E = Time spent auto-exploring this place.
 F = Levels seen in this place.
 G = Mean time per level.
                   A        B        C        D        E       F      G
               +--------+--------+--------+--------+--------+-----+--------+
         Total |  14373 |  13455 |    918 |   2863 |   7594 |  11 | 1306.6 |
       Dungeon |  14142 |  13287 |    855 |   2863 |   7427 |  10 | 1414.2 |
        Temple |    230 |    168 |     62 |      0 |    167 |   1 |  230.0 |
               +--------+--------+--------+--------+--------+-----+--------+

Top non-repeatable levels by time:
     D:1: 2433 daAuts
     D:8: 1924 daAuts
     D:9: 1757 daAuts
     D:7: 1612 daAuts
     D:4: 1580 daAuts
     D:6: 1317 daAuts
     D:3: 1103 daAuts
     D:5: 1040 daAuts
     D:2: 830 daAuts
    D:10: 542 daAuts
  Temple: 230 daAuts
